 Dungeon Crawl Stone Soup version 0.31-a0-174-g85c54bcb58 (webtiles) character file.

Game seed: 14725067877498761357

95 qw the Shooter (level 4, -4/28 HPs)
             Began as a Gargoyle Hunter on June 15, 2023.
             Slain by a gnoll bouda
             ... wielding a +0 club
              (9 damage)
             ... on level 3 of the Dungeon.
             The game lasted 00:00:42 (1777 turns).

qw the Shooter (Gargoyle Hunter)                    Turns: 1777, Time: 00:00:42

Health: -4/28      AC:  8    Str: 15    XL:     4   Next: 66%
Magic:  4/4        EV: 11    Int:  9    God:
Gold:   135        SH:  0    Dex: 15    Spells: 3/3 levels left

rFire   . . .        Y - +0 shortbow
rCold   . . .        (shield currently unavailable)
rNeg    + . .        h - +0 ring mail
rPois   inf          (no helmet)
rElec   +            (no cloak)
rCorr   .            (no gloves)
SInv    .            (no boots)
Will    .....        (no amulet)
Stlth   +            (no ring)
HPRegen 0.24/turn    (no ring)
MPRegen 0.09/turn

%: no passive effects
@: no status effects
A: sickness immunity, AC +3, negative energy resistance 1, electricity
resistance, torment resistance 1, petrification resistance
a: no special abilities


You were on level 3 of the Dungeon.
You visited 1 branch of the dungeon, and saw 3 of its levels.

You collected 135 gold pieces.


Innate Abilities, Weirdness & Mutations

You are immune to sickness and miasma.
Your stone body is resilient. (AC +3)
You are immune to poison.
You resist negative energy. (rN+)
You are resistant to electric shocks. (rElec)
You are resistant to unholy torment.
You are immune to petrification.


   Skills:
 - Level 3.0 Fighting
 + Level 5.3 Ranged Weapons
 - Level 1.3 Armour
 - Level 1.5 Dodging
 - Level 1.1 Stealth


You had 3 spell levels left.
You didn't know any spells.
Your spell library was empty.

Inventory:

Hand Weapons
 Y - a +0 shortbow (weapon)
Armour
 h - a +0 ring mail (worn)
Jewellery
 d - a ring of fire
 j - an amulet of magic regeneration
Scrolls
 a - 2 scrolls of teleportation
 i - a scroll of immolation {unknown}
Potions
 b - a potion of heal wounds {unknown}
 c - 2 potions of might
 e - a potion of ambrosia {unknown}
 f - a potion of lignification {unknown}
 g - a potion of cancellation {unknown}

Dungeon Overview and Level Annotations

Branches:
Dungeon (3/15)

Altars:

Shops:
D:2 (


Message History

The jackal bites you. The jackal misses you.
You shoot an arrow. The arrow barely misses the jackal.
The jackal bites you.
The jackal bites you but does no damage.
The gnoll hits you from afar with a +0 spear.
The jackal closely misses you. x2
You shoot an arrow. The arrow hits the jackal!
You kill the jackal!
The gnoll is no longer moving quickly.
The jackal bites you but does no damage.
The gnoll hits you but does no damage. The jackal bites you.
You shoot an arrow. The arrow closely misses the jackal.
The jackal closely misses you. x2
You shoot an arrow. The arrow closely misses the gnoll.
Your attacks no longer feel as feeble.
The jackal bites you but does no damage.
The gnoll hits you with a +0 spear.
The gnoll bouda barks out a call to the hunt!
The gnoll picks up the pace!
You shoot an arrow. The arrow hits the gnoll.
The gnoll is lightly wounded.
The jackal bites you. The gnoll closely misses you.
The gnoll bouda calls upon its god to heal the gnoll.
The gnoll's wounds heal themselves!
The jackal misses you.
You shoot an arrow. The arrow hits the gnoll.
The gnoll is lightly wounded.
The jackal bites you but does no damage.
The gnoll hits you with a +0 spear. The jackal closely misses you.
You shoot an arrow. The arrow hits the gnoll bouda.
The gnoll bouda is lightly wounded.
The jackal closely misses you.
The gnoll hits you from afar with a +0 spear.
The gnoll bouda hits you with a +0 club.
The jackal bites you but does no damage.
You shoot an arrow. The arrow hits the gnoll bouda.
The gnoll bouda is lightly wounded.
The gnoll hits you from afar with a +0 spear.
The jackal bites you.
The gnoll bouda hits you with a +0 club!
You die...

#.#....# ......#
#.h..# #....# #g#
#.###g### .
#....g.g#
..#######g##
#.......@h.#####
...............#
...............#
...............#
#####.)........#
..............#
...............#
........)).....#.
#.##
#####.....).....>#


You could see a gnoll bouda, a gnoll (swift) and a jackal.

Vanquished Creatures
  An orc wizard (D:3)
  An adder (D:2)
  3 worms (D:2)
  A dart slug (D:1)
  2 orcs (D:3)
  2 endoplasms
  2 giant cockroaches
  7 goblins
  4 hobgoblins
  A jackal (D:3)
  3 quokkas
  4 ball pythons
  6 bats
  6 frilled lizards (D:1)
  5 kobolds
  A rat (D:2)
49 creatures vanquished.

Notes
Turn   | Place    | Note
-------+----------+-------------------------------------------
     0 | D:1      | qw the Gargoyle Hunter began the quest for the Orb.
     0 | D:1      | Reached XP level 1. HP: 12/12 MP: 1/1
     0 | D:1      | 0 ||| qw: Version: 0.2-a-29-g511e9b1
     0 | D:1      | 0 ||| qw: Game counter: 5376
     0 | D:1      | 0 ||| qw: Always use a shield: true
     0 | D:1      | 0 ||| qw: God list: Okawaru
     0 | D:1      | 0 ||| qw: Allow faded altars: false
     0 | D:1      | 0 ||| qw: Do Orc after D:15 true
     0 | D:1      | 0 ||| qw: Do second Lair branch before Depths: true
     0 | D:1      | 0 ||| qw: Lair rune preference: random
     0 | D:1      | 0 ||| qw: Plans: Normal, Zot:1-4, Slime:5, God:TSO, Crypt,
                  | Tomb, Abyss, Pan, Hells, Win
     0 | D:1      | 0 ||| PLANNING D:1-11
   244 | D:1      | Reached XP level 2. HP: 14/17 MP: 2/2
   400 | D:1      | 400 ||| FLEEEEING.
   436 | D:1      | Reached XP level 3. HP: 21/21 MP: 3/3
   699 | D:1      | 699 ||| UPGRADING to +0 ring mail.
   709 | D:1      | 709 ||| DROPPING +0 leather armour.
   710 | D:1      | 710 ||| READING 3 scrolls labelled NOATANTO OMPE.
   714 | D:1      | 714 ||| DRINKING 2 fuming puce potions.
   715 | D:1      | 715 ||| DROPPING scroll of butterflies.
   716 | D:1      | 716 ||| DROPPING potion of invisibility.
   760 | D:2      | Reached skill level 1 in Armour
   827 | D:2      | Reached skill level 5 in Ranged Weapons
   845 | D:2      | Found Nurphadod's Antique Weapon Shop.
  1305 | D:2      | Reached XP level 4. HP: 27/27 MP: 4/4
  1617 | D:2      | 1617 ||| DRINKING 3 murky golden potions.
  1658 | D:3      | Reached skill level 3 in Fighting
  1756 | D:3      | 1756 ||| FLEEEEING.
  1757 | D:3      | 1757 ||| FLEEEEING.
  1762 | D:3      | 1762 ||| Stepping ~*~*~tactically~*~*~ (outnumbered).
  1768 | D:3      | 1768 ||| Stepping ~*~*~tactically~*~*~ (outnumbered).
  1777 | D:3      | HP: 5/28 [jackal (3)]
  1777 | D:3      | Slain by a gnoll bouda

Levels and vault maps discovered:
D:1:      dpeg_arrival_snail, layout_loops_ring, serial_glass, glass_columns_a,
          glass_columns_a
D:2:      layout_basic, serial_shops, nicolae_square_shop, hex_intersection,
          skrybe_limestone_x, grunt_ministairs_11
D:3:      layout_basic, uniq_sigmund, uniq_robin

Skill      XL: |  1  2  3  4 |
---------------+-------------+-----
Armour         | 1 |  1.3
Ranged Weapons | 5 |  5.3
Fighting       | 3 |  3.0
Dodging        | |  1.5
Stealth        | |  1.1

Action                     |  1- 3 |  4- 6 || total
---------------------------+-------+-------++-------
   Fire: Shortbow          |   110 |    69 ||   179
    Use: Potion            |     1 |     1 ||     2
         Scroll            |     1 |       ||     1
 Armour: Leather armour    |     6 |       ||     6
         Ring mail         |    11 |    31 ||    42
  Dodge: Dodged            |    30 |    26 ||    56

Table legend:
 A = Non-vault XP
 B = Vault XP
 C = Vault XP percentage of total XP
 D = Non-vault monster count
 E = Vault monster count
 F = Vault count percentage of total count
                 A         B        C        D         E       F
            +---------+---------+-------+---------+---------+-------
      Total |     133 |       4 |   2.9 |      47 |       2 |   4.1
            +---------+---------+-------+---------+---------+-------
        D:1 |      36 |       0 |   0.0 |      23 |       0 |   0.0
        D:2 |      48 |       4 |   7.7 |      15 |       2 |  11.8
        D:3 |      49 |       0 |   0.0 |       9 |       0 |   0.0
            +---------+---------+-------+---------+---------+-------
